Map: 이터널 엠파이어 - 래더

Players

Reynor

  • Race: Zerg Zerg
  • Spawn Location: 1:00

soO - Winner!

  • Race: Zerg Zerg
  • Spawn Location: 7:00

Event: IEM Katowice 2020

VOD

Have the link to the VOD?

Description

Time

  • Played on: Feb. 27, 2020, 12:52 p.m.
  • Length: 19:20

All games in this series

Show
View Real Time Build Order
Export as new Build Order

Reynor Zerg 

Build Orders: Hatch First 

Get SALT Encoding   

  12  0:00  Drone  
  13  0:12  Overlord  
  13  0:16  Drone  
  14  0:30  Drone x2  
  16  0:49  Hatchery  
  15  0:51  Drone  
  15  0:55  Drone  
  17  0:58  Drone  
  18  1:09  Extractor  
  17  1:15  Spawning Pool  
  17  1:17  Drone  
  17  1:20  Drone  
  18  1:27  Drone  
  19  1:38  Overlord  
  19  2:01  Zergling x6, Queen  
  19  2:02  Queen  
  26  2:08  Metabolic Boost  
  26  2:11  Drone  
  26  2:13  Drone  
  28  2:22  Drone x2  
  30  2:38  Hatchery  
  30  2:41  Drone  
  30  2:42  Drone  
  31  2:45  Drone  
  31  2:49  Overlord  
  32  2:53  Drone  
  33  3:02  Drone  
  33  3:04  Drone  
  35  3:13  Zergling x14  
  41  3:20  Roach Warren  
  41  3:23  Overlord  
  40  3:27  Zergling x2  
  40  3:33  Zergling x2  
  40  3:34  Zergling x2  
  43  3:43  Drone x3  
  43  3:44  Overlord  
  42  4:04  Roach x7  
  42  4:06  Roach  
  58  4:14  Drone x3  
  58  4:16  Roach  
  60  4:17  Drone  
  60  4:20  Overlord  
  60  4:23  Drone  
  62  4:25  Drone  
  63  4:32  Queen, Evolution Chamber  
  63  4:36  Drone  
  65  4:42  Drone x3  
  68  4:49  Overlord  
  66  4:54  Lair  
  66  4:55  Drone x4  
  66  4:58  Drone  
  66  4:59  Drone  
  69  5:01  Extractor x2  
  68  5:07  Drone x4  
  68  5:08  Drone  
  72  5:15  Drone  
  73  5:22  Drone x2  
  73  5:25  Extractor  
  73  5:26  Zerg Missile Weapons Level 1  
  73  5:28  Overlord  
  74  5:29  Roach  
  74  5:32  Roach  
  74  5:33  Drone x2  
  74  5:34  Drone  
  81  5:38  Overlord  
  81  5:40  Overlord  
  81  5:47  Roach x4  
  89  5:53  Overlord  
  89  5:54  Glial Reconstitution  
  89  5:57  Drone  
  89  6:00  Roach x2  
  89  6:02  Evolution Chamber  
  93  6:05  Roach x2  
  93  6:08  Roach, Overlord  
  93  6:11  Roach x2  
  103  6:14  Roach  
  103  6:16  Roach  
  109  6:18  Roach  
  109  6:20  Zergling x8  
  109  6:22  Overlord  
  113  6:27  Evolution Chamber  
  113  6:30  Zergling x4, Roach  
  117  6:34  Roach x2  
  117  6:35  Overlord  
  121  6:43  Zergling x6, Roach  
  127  6:48  Roach  
  127  6:51  Overlord x3  
  129  6:55  Roach  
  129  6:56  Roach  
  129  6:57  Roach x2  
  137  7:04  Roach  
  127  7:11  Zergling x2, Roach x6  
  127  7:15  Queen  
  124  7:17  Roach  
  124  7:18  Zergling x2  
  124  7:20  Roach  
  124  7:22  Roach  
  127  7:26  Zergling x2, Roach  
  127  7:28  Ravager x3  
  116  7:31  Zergling x2, Roach  
  116  7:32  Zergling x2  
  111  7:37  Roach  
  111  7:42  Roach, Queen  
  117  7:45  Roach  
  117  7:49  Queen  
  120  7:51  Zergling x2  
  120  7:54  Zergling x2, Roach  
  119  7:58  Roach  
  119  8:02  Queen  
  119  8:03  Roach  
  110  8:05  Drone  
  110  8:12  Drone x2  
  100  8:15  Drone  
  100  8:18  Queen  
  88  8:23  Drone x2  
  88  8:24  Spore Crawler  
  73  8:28  Drone  
  73  8:30  Drone  
  73  8:33  Spore Crawler  
  74  8:35  Drone x3  
  74  8:38  Spore Crawler  
  76  8:41  Drone x2  
  76  8:42  Drone  
  76  8:47  Queen  
  81  8:51  Drone x2  
  81  8:54  Roach  
  83  9:00  Roach  
  83  9:01  Roach x2  
  78  9:04  Queen  
  77  9:11  Spore Crawler  
  77  9:13  Roach x3  
  80  9:18  Queen  
  80  9:19  Spore Crawler  
  80  9:22  Roach  
  75  9:28  Roach, Ravager  
  75  9:29  Roach x3  
  81  9:33  Queen  
  81  9:37  Spore Crawler  
  83  9:39  Drone x2  
  83  9:43  Roach x4  
  89  9:48  Roach x2  
  90  9:54  Roach x3  
  90  9:56  Queen  
  94  10:01  Roach x2  
  94  10:05  Roach x2  
  94  10:06  Drone  
  94  10:13  Queen  
  92  10:17  Roach x2  
  98  10:21  Roach x2  
  98  10:26  Roach x2  
  98  10:30  Queen  
  97  10:39  Spore Crawler  
  97  10:40  Drone x4  
  97  10:42  Queen  
  102  10:50  Burrow  
  102  11:00  Roach x4  
  108  11:05  Queen  
  110  11:16  Roach Warren  
  110  11:18  Queen  
  106  11:23  Drone x5  
  112  11:26  Extractor  
  112  11:27  Drone  
  112  11:29  Infestation Pit  
  109  11:41  Queen  
  109  11:44  Drone  
  109  11:45  Drone x4  
  112  11:50  Drone x2  
  112  11:54  Queen, Drone  
  112  11:56  Spore Crawler, Roach x2  
  112  11:57  Roach x3  
  112  11:59  Spore Crawler  
  123  12:04  Roach x6  
  123  12:05  Roach x4  
  123  12:07  Roach x2  
  129  12:10  Roach x5  
  129  12:14  Tunneling Claws  
  129  12:17  Extractor  
  129  12:19  Queen  
  129  12:20  Spore Crawler, Roach x2  
  133  12:22  Spore Crawler  
  133  12:28  Roach x4  
  130  12:33  Hive  
  118  12:37  Spore Crawler  
  123  12:44  Roach x3  
  123  12:45  Zerg Missile Weapons Level 2  
  123  12:51  Drone x2  
  123  12:52  Spore Crawler  
  123  12:53  Spore Crawler  
  123  12:59  Drone x3  
  123  13:04  Queen  
  128  13:10  Infestor  
  128  13:12  Overlord  
  130  13:16  Overlord  
  130  13:20  Hydralisk Den  
  129  13:30  Roach x2  
  129  13:31  Roach x4  
  126  13:36  Drone x3  
  126  13:40  Extractor, Queen  
  130  13:48  Viper x3  
  130  13:53  Queen  
  130  13:54  Queen  
  143  14:01  Drone x2  
  143  14:02  Lurker Den  
  132  14:03  Hydralisk x2  
  136  14:11  Hydralisk x3  
  142  14:21  Hydralisk x2  
  142  14:23  Overlord x2  
  146  14:34  Overlord  
  146  14:43  Drone  
  146  14:51  Drone  
  147  15:00  Lurker  
  147  15:01  Lurker x5, Hatchery  
  147  15:05  Seismic Spines  
  152  15:08  Drone x4  
  152  15:09  Drone x2  
  158  15:15  Hydralisk x3  
  164  15:28  Spore Crawler  
  164  15:33  Hydralisk x2  
  164  15:34  Muscular Augments  
  167  15:38  Overlord  
  167  15:41  Unknown  
  166  15:44  Overlord  
  166  15:49  Pneumatized Carapace  
  166  15:50  Overseer  
  166  15:58  Lurker x2  
  166  15:59  Lurker  
  166  16:02  Hydralisk  
  163  16:07  Hydralisk x3  
  163  16:09  Infestor  
  155  16:12  Roach x12  
  155  16:14  Roach x3  
  155  16:15  Drone  
  155  16:16  Drone  
  157  16:19  Spore Crawler, Drone x2  
  157  16:20  Evolution Chamber x2  
  157  16:24  Adaptive Talons  
  156  16:35  Hydralisk x3  
  156  16:49  Drone x3  
  156  16:54  Lurker x4  
  156  16:59  Overlord  
  156  17:00  Grooved Spines  
  156  17:01  Hydralisk x2  
  160  17:06  Hydralisk  
  166  17:11  Drone  
  166  17:12  Overseer  
  167  17:21  Drone x2  
  161  17:33  Hydralisk x6  
  173  17:38  Viper  
  176  17:50  Viper  
  176  17:51  Viper  
  177  17:53  Hydralisk x2  
  179  17:59  Hydralisk x2  
  179  18:08  Hydralisk x3  
  171  18:17  Hydralisk x2  
  158  18:33  Hydralisk x3  
  143  18:52  Hydralisk x3  
Show
View Real Time Build Order
Export as new Build Order

soO Zerg - Winner!

Build Orders: Hatch First 

Get SALT Encoding   

  12  0:00  Drone  
  13  0:12  Overlord  
  13  0:16  Drone  
  14  0:30  Drone x2  
  16  0:47  Hatchery  
  15  0:52  Drone  
  15  0:55  Drone  
  17  0:58  Drone  
  18  1:08  Extractor  
  17  1:14  Spawning Pool  
  17  1:17  Drone  
  17  1:20  Drone  
  18  1:27  Drone  
  19  1:39  Drone  
  20  1:49  Overlord  
  20  2:00  Drone x2  
  20  2:01  Queen x2  
  26  2:10  Drone x2  
  26  2:11  Metabolic Boost  
  28  2:21  Zergling x2  
  28  2:22  Drone  
  30  2:34  Hatchery  
  29  2:37  Drone  
  29  2:40  Drone  
  31  2:44  Zergling x4  
  31  2:50  Baneling Nest  
  32  2:58  Zergling x2  
  32  3:03  Overlord  
  32  3:05  Zergling x2  
  34  3:12  Drone  
  34  3:13  Drone  
  35  3:23  Drone x2  
  35  3:24  Drone x3  
  35  3:25  Evolution Chamber  
  35  3:27  Zergling x2  
  40  3:40  Zergling x4  
  42  3:43  Zergling x2  
  42  3:44  Baneling x2  
  42  3:46  Zergling x12  
  49  3:58  Zergling x2  
  49  4:01  Zergling x2  
  45  4:07  Drone  
  45  4:08  Zerg Melee Weapons Level 1  
  46  4:12  Baneling  
  46  4:13  Drone x3  
  46  4:16  Drone  
  49  4:17  Overlord  
  49  4:19  Overlord  
  49  4:25  Overlord  
  49  4:27  Overlord  
  49  4:35  Queen  
  51  4:39  Drone x2  
  51  4:42  Drone x2  
  51  4:43  Drone x4  
  51  4:44  Drone  
  58  4:48  Drone  
  58  4:50  Drone  
  57  5:01  Zergling x10  
  57  5:05  Drone x4  
  57  5:06  Drone  
  67  5:12  Lair  
  67  5:14  Queen  
  67  5:20  Drone  
  67  5:21  Drone x3  
  72  5:23  Extractor  
  72  5:24  Extractor  
  72  5:25  Drone  
  72  5:27  Drone x2  
  72  5:28  Drone x2  
  76  5:31  Overlord  
  76  5:37  Drone x2  
  76  5:40  Extractor  
  76  5:41  Overlord  
  76  5:42  Extractor x2  
  76  5:43  Drone x2  
  76  5:48  Drone x2  
  79  5:53  Zergling x4  
  81  5:58  Zergling x4  
  81  5:59  Zergling x4  
  81  6:02  Zergling x2  
  86  6:06  Zergling x2  
  86  6:11  Spire, Zerg Melee Weapons Level 2  
  86  6:14  Drone x2  
  86  6:18  Drone x3  
  91  6:19  Drone  
  91  6:20  Overlord  
  91  6:22  Overseer  
  91  6:23  Drone  
  91  6:24  Drone x2  
  91  6:25  Overlord  
  95  6:27  Zergling x2  
  95  6:28  Overlord  
  96  6:40  Hatchery  
  96  6:45  Zergling x8  
  99  6:47  Zergling x6  
  102  6:54  Zergling x2  
  102  6:56  Baneling x8  
  102  6:57  Zergling x14  
  102  7:01  Zergling x6  
  112  7:08  Spine Crawler  
  108  7:09  Spine Crawler  
  99  7:23  Mutalisk x6  
  99  7:26  Mutalisk x2  
  99  7:27  Mutalisk  
  104  7:31  Mutalisk  
  104  7:32  Zergling x2  
  104  7:33  Zergling x2  
  104  7:35  Zergling x4, Mutalisk  
  99  7:40  Mutalisk  
  100  7:44  Zergling x2  
  100  7:46  Mutalisk, Baneling x2  
  100  7:51  Zergling x2  
  101  7:54  Zergling x2, Queen  
  101  7:56  Zergling x2  
  94  8:02  Zergling x4  
  94  8:03  Zergling x2  
  94  8:04  Zergling x8  
  85  8:07  Zergling x4  
  85  8:10  Zergling x2  
  85  8:11  Zergling x2  
  77  8:16  Zergling x2  
  70  8:24  Drone x2  
  70  8:25  Drone  
  70  8:30  Drone  
  71  8:34  Drone  
  72  8:41  Drone x2  
  72  8:46  Zergling x2  
  72  8:56  Zergling x2  
  72  8:58  Zergling x6  
  72  8:59  Zergling x2  
  68  9:03  Zergling x4  
  68  9:07  Zergling x2  
  68  9:09  Zergling x2  
  70  9:11  Zergling x2  
  70  9:14  Zergling x2  
  70  9:16  Zergling x2  
  73  9:19  Zergling x2  
  74  9:24  Drone x3  
  77  9:45  Zergling x4  
  78  9:48  Zergling x10  
  76  9:53  Zergling x2  
  76  9:56  Zergling x2  
  76  9:59  Mutalisk  
  74  10:02  Mutalisk  
  75  10:08  Mutalisk  
  75  10:09  Mutalisk  
  75  10:10  Zergling x2  
  80  10:16  Zergling x6  
  80  10:20  Zergling x2  
  81  10:25  Mutalisk x2  
  81  10:26  Queen  
  73  10:40  Centrifical Hooks  
  73  10:41  Drone x2  
  73  10:42  Drone x2  
  77  10:45  Hatchery  
  77  10:47  Mutalisk  
  78  10:52  Mutalisk x2  
  82  10:57  Drone x2  
  82  11:03  Zergling x2  
  85  11:13  Drone x3  
  85  11:15  Zergling x2  
  85  11:16  Zergling x10  
  92  11:24  Drone x3  
  95  11:34  Zergling x6  
  98  11:43  Zergling x4  
  100  11:51  Drone x3  
  103  11:54  Mutalisk x2  
  103  11:56  Queen  
  103  11:57  Zergling x2  
  110  12:03  Mutalisk  
  110  12:04  Mutalisk x2  
  109  12:10  Drone  
  109  12:11  Overseer  
  109  12:15  Overseer, Drone x2, Overlord  
  111  12:20  Drone x2  
  111  12:21  Drone x2  
  111  12:22  Drone x2  
  115  12:23  Drone  
  115  12:28  Pneumatized Carapace  
  113  12:30  Drone x2  
  113  12:31  Drone x2  
  113  12:35  Drone  
  115  12:37  Drone  
  115  12:43  Drone x2  
  118  12:48  Zergling x4  
  118  12:50  Drone x2  
  118  12:51  Drone  
  123  12:55  Zergling x2  
  123  12:56  Zergling x10  
  123  12:58  Drone  
  130  12:59  Drone x2  
  132  13:14  Zergling x2  
  132  13:15  Zergling x4, Overlord, Unknown  
  132  13:17  Overlord x2  
  134  13:21  Overlord  
  134  13:22  Baneling x6  
  134  13:23  Overlord  
  134  13:28  Overlord  
  134  13:29  Drone  
  135  13:39  Drone  
  136  13:42  Zerg Flyer Weapons Level 1  
  136  13:44  Infestation Pit  
  136  13:48  Drone x2  
  134  13:49  Hatchery  
  134  13:52  Drone x2  
  134  13:54  Drone x3  
  134  13:55  Drone x2  
  136  13:56  Drone x2  
  136  13:57  Drone x2  
  136  13:59  Drone x2  
  136  14:01  Overseer  
  142  14:12  Baneling  
  142  14:13  Baneling x5  
  142  14:21  Hive  
  142  14:28  Baneling  
  142  14:29  Baneling x3  
  142  14:31  Drone  
  142  14:32  Overseer, Spine Crawler  
  142  14:48  Drone x3  
  145  14:57  Drone x2  
  147  15:08  Zergling x22  
  147  15:09  Zergling x2  
  159  15:17  Spine Crawler, Overseer  
  158  15:26  Overseer  
  158  15:28  Overseer  
  157  15:29  Drone x2  
  157  15:30  Extractor x2  
  157  15:38  Greater Spire  
  157  15:42  Hatchery, Baneling x12  
  156  15:49  Zergling x10  
  151  16:16  Overseer  
  151  16:25  Corruptor x15  
  169  16:27  Overlord  
  174  16:56  Zerg Flyer Weapons Level 2  
  174  17:09  Brood Lord x12  
  197  17:19  Brood Lord x3  
  192  17:35  Overseer  
  189  17:41  Overseer  
  189  17:42  Zergling x20  
  199  17:53  Overseer  
  199  18:01  Overseer  
  189  18:15  Zergling x14  
  189  18:17  Baneling x9  
  189  18:18  Overseer  
  196  18:23  Baneling x2  
  196  18:24  Baneling x7  
  188  18:30  Overseer  
  188  18:34  Overseer, Baneling x5  
  188  18:36  Overseer  
  188  18:38  Overseer  
  184  18:45  Overseer  
  184  18:53  Drone x3  
  183  19:06  Unknown  

Tags
 
Add a new tag
Caveats
  • Supply blocks, unpowered buildings, or Contaminate may cause inaccurate times.
  • Supply counts are checked every 10 seconds.